Map: Acropolis LE

Players

SKillous - Winner!

  • Race: Protoss Protoss
  • League: Grandmaster
  • Spawn Location: 5:00

soul

  • Race: Terran Terran
  • League: Grandmaster
  • Spawn Location: 11:00

Event: NationWars 2019

VOD

Have the link to the VOD?

Description

Time

  • Played on: Oct. 13, 2019, 1:46 p.m.
  • Length: 15:53
Show
View Real Time Build Order
Export as new Build Order

SKillous Protoss - Winner!

Build Orders: 1 Gate Expand, Oracle Opening 

Get SALT Encoding   

  12  0:00  Probe  
  13  0:12  Probe  
  14  0:17  Pylon  
  14  0:25  Probe  
  15  0:35  Gateway  
  15  0:37  Probe (Chrono Boost)  
  16  0:46  Probe (Chrono Boost), Assimilator  
  17  0:51  Probe (Chrono Boost)  
  18  1:03  Probe  
  19  1:15  Probe  
  20  1:22  Cybernetics Core  
  20  1:32  Nexus  
  20  1:35  Probe  
  21  1:41  Pylon  
  21  1:49  Probe, Assimilator  
  22  1:56  Adept (Chrono Boost)  
  24  2:02  Probe  
  25  2:14  Probe  
  26  2:16  Adept (Chrono Boost)  
  28  2:26  Probe  
  28  2:29  Stargate  
  29  2:41  Probe (Chrono Boost), Warp Gate  
  29  2:43  Adept  
  32  2:44  Probe (Chrono Boost)  
  34  2:54  Probe (Chrono Boost)  
  34  2:55  Probe (Chrono Boost)  
  35  2:59  Probe (Chrono Boost)  
  35  3:03  Probe  
  37  3:07  Pylon  
  37  3:11  Probe  
  38  3:14  Oracle (Chrono Boost)  
  41  3:26  Probe  
  42  3:31  Probe  
  39  3:36  Gateway  
  39  3:37  Gateway  
  39  3:39  Probe (Chrono Boost)  
  40  3:43  Oracle (Chrono Boost)  
  40  3:46  Probe (Chrono Boost)  
  44  3:51  Probe (Chrono Boost)  
  44  3:53  Nexus  
  45  3:58  Probe (Chrono Boost)  
  45  3:59  Probe (Chrono Boost)  
  47  4:03  Pylon  
  47  4:05  Probe  
  48  4:13  Probe  
  48  4:17  Phoenix (Chrono Boost), Probe  
  49  4:20  Assimilator  
  49  4:22  Pylon, Assimilator  
  52  4:25  Probe  
  52  4:29  Probe  
  54  4:31  Forge, Twilight Council  
  54  4:37  Probe  
  55  4:39  Phoenix (Chrono Boost)  
  55  4:43  Probe  
  58  4:51  Stalker x2  
  62  4:55  Stalker  
  62  4:56  Probe x2  
  66  5:08  Probe  
  66  5:09  Probe  
  66  5:13  Probe (Chrono Boost)  
  65  5:14  Phoenix (Chrono Boost)  
  68  5:23  Probe (Chrono Boost), Protoss Ground Armor Level 1 (Chrono Boost)  
  68  5:24  Probe (Chrono Boost)  
  68  5:25  Charge (Chrono Boost)  
  70  5:29  Pylon  
  70  5:31  Probe (Chrono Boost)  
  70  5:32  Gateway  
  70  5:33  Gateway  
  71  5:36  Probe (Chrono Boost)  
  71  5:37  Phoenix, Probe (Chrono Boost)  
  71  5:39  Probe  
  75  5:44  Probe  
  73  5:53  Probe  
  73  5:55  Gateway  
  73  5:56  Probe  
  75  5:57  Gateway  
  75  5:58  Gateway  
  75  5:59  Pylon  
  75  6:00  Probe  
  75  6:02  Phoenix (Chrono Boost)  
  78  6:06  Sentry  
  78  6:07  Sentry, Zealot  
  84  6:16  Pylon, Probe x2  
  86  6:25  Phoenix (Chrono Boost)  
  86  6:26  Pylon  
  86  6:27  Zealot  
  86  6:31  Pylon x2  
  90  6:34  Templar Archives  
  90  6:35  Zealot x3  
  96  6:40  Zealot  
  98  6:49  Phoenix  
  98  6:51  Probe  
  98  6:52  Probe x2  
  103  6:54  Assimilator  
  103  6:55  Assimilator  
  103  6:56  Robotics Facility  
  103  6:59  Pylon  
  103  7:03  Blink, Probe  
  103  7:06  Pylon  
  103  7:07  Probe x2  
  106  7:15  Probe  
  107  7:16  Protoss Ground Armor Level 2 (Chrono Boost)  
  107  7:19  Probe  
  106  7:33  Probe x2  
  108  7:42  Zealot x8  
  108  7:43  Nexus  
  108  7:44  Pylon, Observer  
  125  7:51  Probe  
  125  7:52  Probe  
  125  7:55  Probe  
  128  8:00  Robotics Facility  
  128  8:02  Robotics Bay, High Templar x2  
  128  8:03  Pylon  
  132  8:08  Observer (Chrono Boost), Archon  
  132  8:09  Probe  
  132  8:10  Probe  
  130  8:20  Zealot x6  
  135  8:32  Probe (Chrono Boost)  
  129  8:36  Probe (Chrono Boost)  
  129  8:38  Probe (Chrono Boost)  
  128  8:42  Probe (Chrono Boost)  
  128  8:45  Probe (Chrono Boost)  
  115  8:49  Probe (Chrono Boost)  
  115  8:50  Probe x2 (Chrono Boost), High Templar  
  115  8:51  High Templar x3  
  115  8:52  Zealot x4  
  115  8:55  Archon  
  132  8:56  Archon  
  132  8:58  Probe (Chrono Boost)  
  132  9:02  Probe (Chrono Boost)  
  136  9:03  Probe (Chrono Boost)  
  136  9:04  Probe (Chrono Boost)  
  136  9:09  Probe (Chrono Boost)  
  139  9:11  Probe (Chrono Boost)  
  139  9:15  Probe (Chrono Boost)  
  139  9:16  Probe (Chrono Boost)  
  141  9:17  Probe x2 (Chrono Boost)  
  141  9:21  Probe (Chrono Boost), Zealot x4  
  141  9:22  Probe  
  152  9:25  Probe  
  152  9:26  Probe  
  150  9:34  Colossus (Chrono Boost)  
  150  9:35  Probe  
  141  9:41  Probe  
  141  9:42  Colossus (Chrono Boost), Probe x2  
  141  9:43  Extended Thermal Lance (Chrono Boost)  
  144  9:47  Probe  
  144  9:49  Forge  
  145  9:53  Probe  
  145  9:54  Probe x2  
  145  9:59  Probe, Zealot  
  151  10:00  Protoss Ground Weapons Level 1 (Chrono Boost), Assimilator, Zealot  
  151  10:05  Probe  
  151  10:06  Probe  
  154  10:07  Probe  
  154  10:09  Assimilator  
  154  10:11  Probe  
  156  10:15  Pylon, Protoss Ground Armor Level 3 (Chrono Boost)  
  156  10:16  Colossus (Chrono Boost)  
  162  10:25  Colossus (Chrono Boost)  
  168  10:32  Probe  
  169  10:36  Stalker  
  169  10:43  Nexus  
  169  10:45  Pylon  
  167  10:58  Stalker x6  
  179  11:05  Disruptor (Chrono Boost)  
  179  11:06  Pylon  
  179  11:08  Pylon  
  182  11:14  Photon Cannon, Shield Battery  
  182  11:21  Pylon  
  185  11:26  Disruptor (Chrono Boost)  
  185  11:35  Disruptor  
  185  11:38  Stalker x6  
  200  11:47  Gateway  
  200  11:49  Gateway  
  200  11:51  Zealot  
  200  11:52  Gateway  
  200  11:53  Gateway  
  192  11:58  Stalker  
  194  12:04  Zealot x3  
  190  12:12  Nexus  
  176  12:20  Stalker x4  
  183  12:27  Stalker x2, Probe  
  183  12:28  Stalker x2  
  180  12:40  Disruptor (Chrono Boost), Probe (Chrono Boost)  
  180  12:41  Probe (Chrono Boost)  
  189  12:45  Probe (Chrono Boost)  
  189  12:46  Probe (Chrono Boost)  
  189  12:47  High Templar x3  
  189  12:48  High Templar  
  189  12:49  Probe (Chrono Boost)  
  189  12:50  Protoss Ground Weapons Level 2 (Chrono Boost), Disruptor (Chrono Boost)  
  197  12:51  Probe (Chrono Boost)  
  197  12:52  Archon x2  
  197  13:01  Protoss Shields Level 1 (Chrono Boost), Zealot  
  199  13:08  Gateway  
  199  13:10  Gateway  
  199  13:15  Pylon  
  191  13:20  Probe x4  
  195  13:27  Zealot  
  195  13:28  Probe  
  195  13:32  Probe x2  
  195  13:33  Stalker x2  
  195  13:34  Stalker x4  
  200  13:40  Probe  
  198  13:44  Probe  
  191  13:50  Stalker x4  
  187  14:00  Probe (Chrono Boost)  
  170  14:05  Stalker x2  
  170  14:06  Stalker x3  
  170  14:07  Probe (Chrono Boost)  
  167  14:11  Probe (Chrono Boost)  
  167  14:13  Probe (Chrono Boost)  
  170  14:17  Probe x2 (Chrono Boost), Assimilator  
  170  14:19  Disruptor (Chrono Boost)  
  170  14:21  Probe x2 (Chrono Boost)  
  170  14:23  Probe (Chrono Boost)  
  177  14:25  Probe (Chrono Boost)  
  177  14:27  Probe (Chrono Boost)  
  177  14:29  Probe (Chrono Boost)  
  177  14:33  Probe (Chrono Boost)  
  174  14:40  Zealot x7  
  174  14:42  Probe (Chrono Boost)  
  192  14:48  Disruptor (Chrono Boost), Probe x2 (Chrono Boost)  
  192  14:51  Probe x2 (Chrono Boost)  
  196  14:53  Robotics Facility  
  196  14:58  Stalker x3  
  188  15:00  Stalker  
  182  15:13  Zealot x7  
  183  15:21  Probe x2  
  179  15:22  Probe x2  
  181  15:28  Zealot x5  
Show
View Real Time Build Order
Export as new Build Order

soul Terran 

Build Orders: Gas First Reaper Expand 

Get SALT Encoding   

  12  0:00  SCV  
  13  0:13  SCV  
  14  0:17  Supply Depot  
  14  0:25  SCV  
  14  0:27  Refinery  
  15  0:39  SCV  
  16  0:45  Barracks  
  16  0:51  SCV  
  17  1:03  SCV  
  18  1:16  SCV  
  19  1:32  Orbital Command, Reaper  
  20  1:44  Command Center  
  20  1:56  Factory  
  20  1:59  SCV  
  21  2:08  Barracks Reactor  
  21  2:09  Supply Depot  
  21  2:13  SCV  
  22  2:22  Refinery  
  22  2:25  SCV  
  24  2:37  SCV  
  24  2:46  Marine x2, Hellion  
  24  2:47  Starport  
  24  2:49  SCV  
  29  2:52  Supply Depot  
  29  3:01  SCV  
  30  3:06  Marine  
  31  3:13  Marine  
  31  3:14  Widow Mine  
  31  3:15  SCV  
  34  3:23  Marine  
  34  3:27  SCV  
  34  3:31  Marine  
  33  3:34  Orbital Command  
  33  3:39  SCV  
  34  3:41  Marine  
  34  3:43  Medivac  
  34  3:47  Widow Mine  
  39  3:51  SCV  
  40  3:56  Bunker  
  40  4:00  SCV  
  41  4:03  SCV  
  41  4:10  Supply Depot  
  41  4:11  Marine  
  41  4:12  SCV  
  41  4:15  SCV  
  43  4:19  Viking  
  43  4:21  Marine  
  43  4:24  SCV  
  47  4:26  Factory Tech Lab  
  47  4:27  SCV  
  48  4:33  Supply Depot  
  48  4:35  Marine  
  48  4:36  SCV  
  48  4:39  SCV  
  49  4:46  Cyclone  
  49  4:48  SCV  
  49  4:49  Viking  
  49  4:51  SCV  
  56  4:57  Supply Depot  
  56  4:59  Marine  
  57  5:00  SCV  
  57  5:03  SCV  
  57  5:05  Marine  
  60  5:12  SCV  
  56  5:15  SCV  
  56  5:17  Marine  
  56  5:24  SCV  
  56  5:28  SCV, Siege Tank  
  58  5:30  Command Center  
  58  5:36  SCV  
  58  5:40  SCV  
  60  5:43  Barracks  
  60  5:44  Engineering Bay  
  60  5:45  Barracks Tech Lab  
  60  5:48  Barracks, SCV  
  61  5:52  SCV  
  61  5:55  Engineering Bay  
  61  5:56  Engineering Bay  
  62  5:57  Starport Reactor  
  62  6:01  SCV  
  63  6:04  SCV, Supply Depot  
  63  6:05  Stimpack  
  63  6:06  Supply Depot, Marine  
  63  6:10  Terran Infantry Weapons Level 1  
  65  6:15  SCV, Factory Reactor, Refinery  
  65  6:17  Refinery  
  66  6:19  SCV  
  66  6:24  Marine  
  66  6:25  Terran Infantry Armor Level 1  
  66  6:27  SCV  
  66  6:28  Barracks  
  66  6:30  Barracks  
  66  6:31  SCV  
  68  6:33  Marine x2  
  70  6:40  SCV  
  70  6:44  Combat Shield, Orbital Command  
  70  6:45  Marauder  
  72  6:48  SCV  
  72  6:51  Marauder, Marine  
  74  6:55  Medivac x2  
  74  6:58  SCV  
  74  7:00  SCV, Widow Mine  
  82  7:02  Widow Mine  
  82  7:07  Marine  
  85  7:10  SCV  
  85  7:12  SCV  
  87  7:15  Marine  
  87  7:16  Marauder  
  87  7:17  Barracks Reactor, Barracks Tech Lab  
  87  7:22  SCV, Missile Turret, Orbital Command  
  91  7:24  SCV, Widow Mine  
  91  7:25  Marine  
  91  7:26  Medivac  
  90  7:31  Medivac  
  90  7:32  Widow Mine  
  90  7:34  SCV  
  90  7:36  Missile Turret, SCV  
  96  7:40  Marine x3  
  96  7:41  Marauder  
  101  7:44  Marine, Concussive Shells  
  101  7:46  SCV  
  101  7:50  Widow Mine  
  97  7:56  Ghost Academy  
  97  7:57  SCV  
  97  7:58  SCV, Marine x3  
  98  8:02  Marauder  
  98  8:03  Marauder  
  106  8:07  SCV  
  106  8:08  Supply Depot  
  106  8:09  SCV, Supply Depot  
  106  8:11  SCV  
  109  8:29  Marine x2  
  109  8:30  Bunker x2  
  109  8:32  Bunker  
  108  8:41  Medivac x2  
  104  8:50  Ghost x3, Marine  
  104  8:51  Marine x3  
  104  8:54  SCV x3, Refinery  
  104  8:55  Command Center, Refinery  
  105  9:01  Sensor Tower  
  105  9:04  Widow Mine  
  105  9:06  SCV x3  
  105  9:08  Missile Turret, Marine  
  105  9:09  Marine  
  112  9:12  Missile Turret  
  112  9:16  Armory  
  112  9:18  Ghost, SCV x3  
  112  9:21  Supply Depot, Marauder  
  112  9:22  Supply Depot  
  119  9:28  Marine  
  119  9:29  Marauder  
  119  9:30  SCV  
  118  9:34  Marine  
  118  9:36  Marine  
  117  9:39  Marine  
  117  9:42  Medivac x2  
  117  9:43  Marauder  
  122  9:46  Marine  
  122  9:48  SCV, Marauder  
  122  9:49  Enhanced Shockwaves  
  122  9:50  SCV, Marauder  
  122  9:51  SCV  
  122  9:52  Marine  
  129  9:56  Widow Mine x2  
  133  10:02  SCV  
  133  10:05  SCV x2  
  137  10:14  Barracks x2, SCV  
  137  10:15  Barracks  
  137  10:16  Terran Infantry Armor Level 2, Terran Infantry Weapons Level 2  
  137  10:17  SCV, Marauder, Widow Mine  
  139  10:24  Marauder, Marine  
  139  10:27  Marine  
  139  10:28  Marauder  
  145  10:31  Sensor Tower  
  145  10:34  Refinery  
  145  10:36  Refinery  
  145  10:38  SCV  
  145  10:40  Planetary Fortress  
  145  10:41  SCV x2  
  148  10:47  Ghost  
  148  10:54  Supply Depot  
  148  10:56  Supply Depot  
  148  10:57  Supply Depot x2  
  148  11:02  Barracks Tech Lab x3  
  148  11:16  SCV x2, Medivac, Widow Mine x2  
  148  11:17  Ghost x2, SCV, Marine  
  148  11:18  Marauder  
  164  11:20  Supply Depot x2  
  164  11:28  SCV x2  
  164  11:32  Marauder, Marine  
  158  11:33  Marauder, Marine  
  158  11:34  Fusion Core, Starport  
  158  11:37  Marine  
  158  11:38  Marauder  
  158  11:39  Marauder, Marine  
  167  11:41  Widow Mine  
  167  11:42  Medivac, Widow Mine  
  167  11:46  Marauder x2  
  177  11:50  Marine  
  177  11:54  Ghost, Marauder  
  179  11:55  Marine  
  179  11:58  Ghost  
  179  12:00  Marauder  
  182  12:08  Marine  
  182  12:09  Marauder  
  182  12:10  Medivac  
  182  12:12  Medivac, Marauder  
  186  12:18  Marine  
  186  12:19  Marauder  
  186  12:21  Marine  
  186  12:22  Marauder  
  191  12:23  Marauder  
  191  12:28  Marauder  
  191  12:29  Marine  
  195  12:32  Marauder  
  195  12:36  Marine  
  190  12:37  Marauder  
  190  12:39  Starport Tech Lab  
  190  12:40  Marauder  
  190  12:41  Terran Infantry Armor Level 3, Terran Infantry Weapons Level 3, Marine  
  190  12:43  Marauder  
  191  12:49  Viking x2  
  193  12:54  Marine  
  193  12:55  Marauder  
  196  12:59  Command Center  
  196  13:08  Advanced Ballistics  
  196  13:11  Refinery  
  194  13:13  SCV x3  
  194  13:14  SCV  
  196  13:22  Sensor Tower  
  196  13:35  Liberator  
  196  13:37  Liberator  
  196  13:38  Liberator  
  182  13:53  Marine  
  182  13:54  Marauder  
  179  14:01  Marauder  
  173  14:03  Orbital Command  
  173  14:06  Marauder, Marine  
  167  14:11  Marauder, Marine  
  167  14:12  Marauder  
  164  14:20  Starport  
  164  14:22  Marine  
  164  14:23  Marauder x2  
  164  14:35  Viking, Marine  
  164  14:36  Marauder  
  164  14:37  Viking  
  164  14:38  Viking, Marauder x2, Marine  
  161  14:42  Liberator  
  161  14:48  Liberator  
  161  14:49  Marauder x2, Marine  
  161  14:50  SCV  
  170  15:07  Viking  
  145  15:15  Marauder, Marine  
  145  15:17  Marine  
  145  15:18  Marauder  
  134  15:21  Marauder, Marine x3  
  134  15:22  Marauder x2  
  136  15:32  Marine  
  136  15:35  Marine  
Tags
 
Add a new tag
Caveats
  • Supply blocks, unpowered buildings, or Contaminate may cause inaccurate times.
  • Supply counts are checked every 10 seconds.